 Dungeon Crawl Stone Soup version 0.27.1-3-gb3d3a73c9e (webtiles) character file.

Game seed: 8157847935167113455

87 Descartes the Covert (level 4, -1/23 HPs)
             Began as a Spriggan Delver on Oct 18, 2021.
             Killed from afar by a centaur (18 damage)
             ... with a bolt of acid
             ... on level 5 of the Dungeon.
             The game lasted 00:01:53 (1257 turns).

Descartes the Covert (Spriggan Delver)              Turns: 1257, Time: 00:01:54

Health: -1/23      AC:  2    Str:  9    XL:     4   Next: 28%
Magic:  5/5        EV: 17    Int: 11    God:
Gold:   0          SH:  0    Dex: 16    Spells: 3/3 levels left

rFire    . . .     SeeInvis +   a - +0 short sword
rCold    . . .     Faith    .   (shield restricted)
rNeg     . . .     Spirit   .   b - +0 robe
rPois    .         Reflect  .   (helmet restricted)
rElec    .         Harm     .   (no cloak)
rCorr    .         Rampage  .   (gloves unavailable)
Will     .....                  (boots unavailable)
Stlth    ++++......             (no amulet)
HPRegen  0.07/turn              (no ring)
MPRegen  0.09/turn              (no ring)

@: very quick
A: very small, no large weapons, unfitting armour, see invisible, speed 3
a: no special abilities


You were on level 5 of the Dungeon.
You visited 2 branches of the dungeon, and saw 2 of its levels.

Inventory:

Hand Weapons
 a - a +0 short sword (weapon)
Missiles
 h - 20 arrows
Armour
 b - a +0 robe (worn)
Wands
 g - a wand of digging (3)
Scrolls
 c - a scroll of fog
 d - a scroll of magic mapping
 e - a scroll of fear
Potions
 f - a potion of haste
 i - a potion of heal wounds {unknown}


   Skills:
 - Level 2.4 Fighting
 + Level 2.5 Short Blades
 + Level 3.0 Dodging
 * Level 9.4 Stealth


You had 3 spell levels left.
You didn't know any spells.
Your spell library was empty.

Dungeon Overview and Level Annotations

Branches:
Dungeon (5/15)             Temple (1/1) D:5

Altars:
Ashenzari
Cheibriados
Dithmenos
Elyvilon
Fedhas
Gozag
Hepliaklqana
Kikubaaqudgha
Makhleb
Trog
Uskayaw
Wu Jian
Yredelemnul
Zin
The Shining One

Annotations:
D:5 Edmund


Innate Abilities, Weirdness & Mutations

You are very small and have problems with some larger weapons.
You are too small for most types of armour.
You have supernaturally acute eyesight. (SInv)
You cover ground extremely quickly. (Speed+++)


Message History

The wyvern skeleton is severely damaged.
The hound closely misses you. The wyvern skeleton closely misses you.
The hound closely misses you.
You hit the wyvern skeleton.
The wyvern skeleton is almost destroyed.
The wyvern skeleton bites you!
Ouch! That really hurt!
* * * LOW HITPOINT WARNING * * *
The hound barely misses you. The wyvern skeleton closely misses you.
You are too injured to fight recklessly!
You are too injured to fight recklessly!
You are too injured to fight recklessly!
You are too injured to fight recklessly!
You are too injured to fight recklessly!
You are too injured to fight recklessly!
You are too injured to fight recklessly!
You are too injured to fight recklessly!
You hit the wyvern skeleton.
You destroy the wyvern skeleton!
The hound misses you. The hound barely misses you.
Your Dodging skill increases to level 3!
Your Stealth skill increases to level 9!
You have reached level 4!
A centaur comes into view.
It is wielding a +0 trident and carrying a wand of acid (8).
The centaur moves out of view.
The centaur shouts!
There is a staircase to the Ecumenical Temple here.
You climb downwards.
Welcome back to the Ecumenical Temple!
There is a staircase back to the Dungeon here.
HP restored.
Done exploring.
You climb upwards.
Level annotation: Edmund The centaur shouts!
The centaur unwields a +0 trident.
The centaur wields a +0 shortbow.
The centaur shoots an arrow.
The arrow hits you. The hound completely misses you.
The centaur zaps a wand.
The bolt of acid hits you!!
Ouch! That really hurt!
You die...

#....#.....+.........#......#
#....#'#####....######......#
#............#..#...........#
#...............#...........#
#...........#.#.............#
#.........###.#.............#
#.......###...##..####......#
#.....#........#.....#......#
#.......##..@..##....#......#
#....#...#...h...c#..#......# #
#....#...##...###....#......#
#####....#....#.###......#......#
.........#....#.#........#......#
....@....#.........'.....+......#
.........####.^#...#.....##+##.##
.........#.........#.........#.##
##'##....#......#..#.........#...


You could see a centaur and a hound.

Vanquished Creatures
  A wyvern skeleton (D:5)
  A hound (D:5)
  An adder (D:5)
3 creatures vanquished.

Notes
Turn   | Place    | Note
-------+----------+-------------------------------------------
     0 | D:5      | Descartes the Spriggan Delver began the quest for the Orb.
     0 | D:5      | Reached XP level 1. HP: 11/11 MP: 2/2
   125 | D:5      | Found a staircase to the Ecumenical Temple.
   129 | D:5      | Noticed Edmund
   129 | D:5      | Noticed a hound
   134 | Temple   | Entered the Ecumenical Temple
   451 | D:5      | Killed a hound
   452 | D:5      | Reached skill level 8 in Stealth
   452 | D:5      | Reached XP level 2. HP: 5/16 MP: 3/3
   767 | D:5      | Reached XP level 3. HP: 8/19 MP: 4/4
   986 | D:5      | Reached skill level 9 in Stealth
   986 | D:5      | Reached XP level 4. HP: 4/23 MP: 5/5
   997 | D:5      | Noticed a centaur
  1257 | D:5      | Killed from afar by a centaur

Illustrated notes

Levels and vault maps discovered:
D:5:      layout_gridville, nemelex_xobeh_ov_fountains_minmay,
          minmay_temple_entry_slanted, uniq_edmund, uniq_grinder
Temple:   regret_index_temple_generic_petals

Skill      XL: |  1  2  3 |
---------------+----------+-----
Stealth        | 8 9 |  9.4
Dodging        | 3 |  3.0
Fighting       | |  2.4
Short Blades   | |  2.5

Action                   |  1- 3 |  4- 6 || total
-------------------------+-------+-------++-------
Melee: Short sword       |    34 |       ||    34
  Use: Scroll            |     1 |       ||     1
 Stab: Sleeping          |     1 |       ||     1
Armor: Robe              |     1 |       ||     1
Dodge: Dodged            |    40 |     1 ||    41
